Map: Eternal Empire LE

Players

insidious

  • Race: Zerg Zerg
  • League: Bronze
  • Spawn Location: 7:00

Nigrnog - Winner!

  • Race: Zerg Zerg
  • League: Silver
  • Spawn Location: 1:00

VOD

Have the link to the VOD?

Description

Time

  • Played on: Dec. 8, 2019, 7:30 a.m.
  • Length: 5:54
Show
View Real Time Build Order
Export as new Build Order

insidious Zerg 

Build Orders: Pool First 

Get SALT Encoding   

  12  0:01  Drone  
  13  0:12  Overlord  
  13  0:17  Drone  
  14  0:35  Spawning Pool  
  14  0:37  Drone  
  14  0:41  Drone  
  15  0:45  Drone  
  16  0:50  Drone  
  17  1:05  Extractor, Overlord  
  16  1:22  Queen  
  16  1:23  Zergling x4  
  20  1:32  Zergling x2  
  21  1:43  Zergling x2  
  22  1:53  Zergling x2  
  23  2:05  Hatchery  
  23  2:08  Zergling x2  
  23  2:14  Metabolic Boost  
  17  3:23  Zergling x2  
  17  3:24  Zergling x10  
  23  3:39  Baneling Nest  
  23  3:40  Drone  
  23  3:42  Zergling x2  
  23  3:43  Zergling x4  
  23  3:47  Queen  
  28  4:00  Overlord x2  
  20  4:33  Lair  
  20  4:35  Zergling x6  
  20  4:36  Zergling x6  
  26  4:45  Zergling x2  
  27  4:46  Zergling x4  
  27  4:49  Drone  
  30  4:56  Extractor, Drone  
  30  5:06  Baneling x3  
  30  5:13  Drone  
  34  5:14  Drone x3  
  26  5:21  Zergling x2  
  26  5:23  Zergling x6  
Show
View Real Time Build Order
Export as new Build Order

Nigrnog Zerg - Winner!

Build Orders: Hatch First 

Get SALT Encoding   

  12  0:04  Drone  
  13  0:08  Drone  
  14  0:16  Overlord  
  14  0:37  Drone  
  14  0:38  Drone  
  14  0:41  Drone  
  17  0:56  Drone  
  18  0:57  Hatchery  
  18  1:00  Drone  
  18  1:14  Spawning Pool  
  17  1:21  Extractor, Drone  
  17  1:22  Drone  
  18  1:32  Drone  
  19  1:47  Overlord  
  19  1:54  Drone  
  20  2:01  Queen  
  20  2:07  Zergling x2  
  23  2:09  Queen  
  23  2:10  Drone  
  26  2:15  Zergling x2  
  26  2:21  Metabolic Boost  
  26  2:30  Zergling x4  
  27  2:42  Zergling x6  
  24  2:57  Zergling x4  
  26  3:04  Queen  
  28  3:08  Zergling x4  
  28  3:18  Drone x2  
  30  3:29  Zergling x2  
  30  3:30  Overlord  
  31  3:56  Zergling x8  
  31  4:01  Evolution Chamber  
  34  4:06  Roach Warren  
  32  4:13  Queen  
  31  4:26  Overlord  
  31  4:27  Zergling x6  
  34  4:34  Zergling x4  
  36  4:49  Queen  
  38  4:53  Roach  
  38  4:56  Drone  
  41  5:10  Drone  
  41  5:11  Drone x2  
  43  5:36  Zergling x4  
  43  5:37  Zergling x10  
Tags
 
Add a new tag
Caveats
  • Supply blocks, unpowered buildings, or Contaminate may cause inaccurate times.
  • Supply counts are checked every 10 seconds.